 Dungeon Crawl Stone Soup version 0.19.0-19-g8c6edcc (webtiles) character file.

153 tv1990 the Conjurer (level 5, 0/35 HPs)
             Began as a Formicid Conjurer on Nov 15, 2016.
             Slain by a worker ant (7 damage)
             ... on level 3 of the Dungeon.
             The game lasted 00:10:51 (3551 turns).

tv1990 the Conjurer (Formicid Conjurer)             Turns: 3551, Time: 00:10:51

Health: 0/35       AC:  2    Str:  9 (12) XL:     5   Next: 61%
Magic:  9/9        EV: 12    Int: 14 (16) God:
Gold:   195        SH:  0    Dex:  8 (11) Spells: 2 memorised, 6 levels left

rFire  . . .     SeeInvis +     j - +3 dagger (venom)
rCold  . . .     Gourm    .     a - +0 robe
rNeg   . . .     Faith    .     (no shield)
rPois  .         Spirit   .     (helmet unavailable)
rElec  .         Reflect  .     (no cloak)
rCorr  .         Harm     .     (no gloves)
MR     .....                    (no boots)
Stlth  ++........               (no amulet)
                                (no ring)
                                (no ring)

@: lethally poisoned (0 -> -17)
A: permanent stasis, dig shafts and tunnels, four strong arms, antennae 3
a: Dig, Shaft Self


You were on level 3 of the Dungeon.
You were not hungry.

You visited 1 branch of the dungeon, and saw 3 of its levels.

You collected 195 gold pieces.

Inventory:

Hand Weapons
 f - a +0 dagger
 j - a +3 dagger of venom (weapon)
Armour
 a - a +0 robe (worn)
 o - a +0 leather armour
 p - a +2 ring mail of fire resistance
Scrolls
 e - a scroll of fog
 h - 2 scrolls of remove curse
 i - 2 scrolls of noise
Potions
 g - a potion of beneficial mutation
 l - a potion of magic
 s - a potion of lignification {unknown}
Books
 b - a book of Conjurations

   Spells                             Type                      Level
   a - Magic Dart                     Conjuration                  1
   b - Searing Ray                    Conjuration                  2
   c - Dazzling Spray                 Conjuration/Hexes            3
   d - Fulminant Prism                Conjuration/Hexes            4
   e - Iskenderun's Mystic Blast      Conjuration                  4
   f - Iskenderun's Battlesphere      Conjuration/Charms           5
Comestibles
 c - 3 bread rations
 m - a royal jelly
 n - 3 chunks of flesh


   Skills:
 - Level 1.7 Dodging
 - Level 2.4 Stealth
 + Level 3.2 Spellcasting
 * Level 5.0 Conjurations
 + Level 2.4 Hexes


You had 6 spell levels left.
You knew the following spells:

 Your Spells              Type           Power        Failure   Level  Hunger
a - Magic Dart            Conj           ###.         2%          1    #......
b - Dazzling Spray        Conj/Hex       ##....       14%         3    ###....


Dungeon Overview and Level Annotations

Branches:
Dungeon (3/15)

Altars:


Innate Abilities, Weirdness & Mutations

You are under a permanent stasis effect.
You can dig through walls and to a lower floor.
Your four strong arms can wield two-handed weapons with a shield.
You have a pair of large antennae on your head. (SInv)


Message History

Casting: Magic Dart
Confirm with . or Enter, or press ? or * to list all spells.
You don't have enough magic to cast that spell.
It was a potion of cancellation.
You feel magically purged.
* * * LOW HITPOINT WARNING * * *
You feel sick. The worker ant barely misses you.
It was a potion of degeneration.
There was something very wrong with that liquid.
You feel weakened.
You feel dopey.
You feel clumsy.
* * * LOW HITPOINT WARNING * * *
You feel sick. The worker ant bites you.
* * * LOW HITPOINT WARNING * * *
You are more poisoned.
The worker ant poisons you!
Drop what? 15/52 slots (_ for help) (? for menu, Esc to quit)
Okay, then.
It was a potion of magic.
Magic courses through your body.
* * * LOW HITPOINT WARNING * * *
You feel sick. The worker ant bites you!
You die...

#....## #.# #.# #.#
#..#.####.#####.####.#
#..#.................#
#..#######.####.###..#
#.[# #.# #.# .... #..#
#.# #.# ..
#..#######.# #.#
#.......##.. ..#
#.#####@#### #.# #.#
#.a....>..# #.#
######... #.# #. { ##


You could see a worker ant.

Vanquished Creatures
  Terence (D:3)
  3 adders
  An ooze (D:2)
  4 worms (D:2)
  A dart slug (D:1)
  2 leopard geckos (D:1)
  4 orcs (D:3)
  3 ball pythons
  2 giant cockroaches (D:1)
  12 goblins
  4 hobgoblins (D:1)
  10 jackals
  A quokka (D:3)
  8 bats
  A frilled lizard (D:2)
  7 kobolds
  10 rats
74 creatures vanquished.

Notes
Turn   | Place    | Note
-------+----------+-------------------------------------------
     0 | D:1      | tv1990 the Formicid Conjurer began the quest for the Orb.
     0 | D:1      | Reached XP level 1. HP: 13/13 MP: 3/3
   207 | D:1      | Reached XP level 2. HP: 12/19 MP: 0/5
   433 | D:1      | Reached skill level 4 in Conjurations
   759 | D:1      | Reached XP level 3. HP: 24/24 MP: 3/6
   766 | D:1      | Learned a level 3 spell: Dazzling Spray
  1379 | D:1      | Reached skill level 1 in Hexes
  1379 | D:1      | Reached XP level 4. HP: 23/30 MP: 1/8
  2402 | D:2      | Reached XP level 5. HP: 35/35 MP: 5/9
  2882 | D:3      | Noticed Terence
  2904 | D:3      | Killed Terence
  3343 | D:3      | Reached skill level 5 in Conjurations
  3551 | D:3      | Slain by a worker ant

Skill      XL: |  1  2  3  4  5 |
---------------+----------------+-----
Conjurations   | 4 5 |  5.0
Hexes          | 1 2 |  2.4
Spellcasting   | 3 |  3.2
Dodging        | |  1.7
Stealth        | |  2.4

Action                   |  1- 3 |  4- 6 || total
-------------------------+-------+-------++-------
Melee: Dagger            |    18 |    42 ||    60
 Fire: Blowgun           |       |     7 ||     7
 Cast: Magic Dart        |    69 |   106 ||   175
       Dazzling Spray    |       |     1 ||     1
 Abil: Dig               |       |     1 ||     1
  Use: Scroll            |       |     6 ||     6
       Potion            |       |     3 ||     3
  Eat: Chunk             |     2 |     7 ||     9
Armor: Robe              |     4 |     4 ||     8
Dodge: Dodged            |    23 |    30 ||    53

Vault maps used:
D:1:      dpeg_arrival_oval
D:3:      uniq_terence
